[Event "*** Titled Tuesday Blitz"]
[Site "Chess.com"]
[Date "2021.03.02"]
[Round "1"]
[White "PakMaster"]
[Black "Chowman64"]
[Result "0-1"]
[WhiteElo "2242"]
[BlackElo "2620"]
[TimeControl "180+1"]
[EndTime "10:08:02 PST"]
[Termination "Chowman64 won on time"]

1. d4 Nf6 2. c4 b6 3. Nc3 Bb7 4.
Nf3 e6 5. g3 Bb4 6. Bg2 Bxc3+ 7. bxc3 O-O 8. O-O d6 9. Bg5 h6 10. Bxf6 Qxf6 11. Qc2 Nc6 12. e4 e5 13. d5 Na5 14.
Nd2 Ba6 15. Qa4 Rfe8 16. Rfe1 Qe7 17. Bf1 Bc8 18. Nb3 Bd7 19. Qa3 Nb7 20. Qc1 f5 21. exf5 Bxf5 22. Nd4 Bd7 23. Bg2 Nc5 24. Nb3 Nd3 25. Qd2 Nxe1 26. Rxe1 Qf6 27. Qe3 a5 28. Nd2 Qg5 29. Qxg5 hxg5 30. Ne4 g4 31. Bf1 Rab8 32.
Be2 Rf8 33. Kg2 Bf5 34. Ng5 g6 35. f3 gxf3+ 36. Bxf3 b5 37. g4 Bd7 38. cxb5 Rxb5 39. Be4 Rb2+ 40. Kg3 Kg7 41. h4 Rf4 42. Ne6+ Bxe6 43.
dxe6 Kf6 44. e7 Kxe7 45. Bxg6 Rxa2 46. h5 Kf6 47. Be4 Kg5 48. Bf5 Ra3 49. Re3 Rb3 50. Be6 Rb1 51. Kg2 Rb2+ 0-1

[Event "*** Titled Tuesday Blitz"]
[Site "Chess.com"]
[Date "2021.03.02"]
[Round "1"]
[White "tdf98pantani"]
[Black "Coiote53"]
[Result "0-1"]
[WhiteElo "2658"]
[BlackElo "2367"]
[TimeControl "180+1"]
[EndTime "10:08:04 PST"]
[Termination "Coiote53 won on time"]

1. d4 Nf6 2. c4 g6 3. Nc3 d5 4.
Nf3 Bg7 5. e3 O-O 6. b4 c6 7.
Ba3 a5 8. b5 a4 9. Bd3 dxc4 10.
Bxc4 cxb5 11. Nxb5 Nc6 12. O-O Bg4 13. Rc1 Qa5 14.
h3 Bf5 15. Qe2 Rac8 16. Ne5 Nxe5 17. dxe5 Ne4 18. Bxe7 Rfe8 19. Nd6 Nxd6 20. exd6 Bf8 21. Bxf8 Rxf8 22. Qf3 b5 23. Bd5 Rc3 24. Rxc3 Qxc3 25. e4 Qxf3 26. gxf3 Bxh3 27. Rc1 Rd8 28. e5 Kf8 29.
Rc7 Bd7 30. a3 g5 31. Kg2 h6 32. f4 gxf4 33. Kf3 h5 34. Kxf4 h4 35. Kg5 h3 36.
Kf6 b4 37. axb4 h2 38. f4 Be6 39. Be4 a3 40. f5 Bd7 41. e6 fxe6 42. fxe6 Bxe6 43.
Kxe6 a2 44. Ra7 Re8+ 45. Kf6 Rxe4 46. d7 Rf4+ 47. Ke6 Re4+ 48. Kf6 Rf4+ 49. Ke6 Rd4 50. Kf6 h1=Q 0-1

[Event "*** Titled Tuesday Blitz"]
[Site "Chess.com"]
[Date "2021.03.02"]
[Round "1"]
[White "Artem_Koval"]
[Black "AttilaTurzo"]
[Result "0-1"]
[WhiteElo "2221"]
[BlackElo "2541"]
[TimeControl "180+1"]
[EndTime "10:08:04 PST"]
[Termination "AttilaTurzo won by checkmate"]

1. d4 d5 2. Bf4 c6 3. e3 Qb6 4. Qc1 Bf5 5. c4 e6 6. Nc3 Nf6 7. Nf3 Nbd7 8. c5 Qd8 9. b4 Be7 10. a4 Nh5 11. Bg3 O-O 12. b5 Nxg3 13. hxg3 e5 14. Be2 Bf6 15. O-O Re8 16. a5 exd4 17. exd4 cxb5 18. Bxb5 Be4 19. Qd2 a6 20. Ba4 Re7 21.
Rfe1 Nf8 22. Bb3 Ne6 23. Nxe4 dxe4 24. Rxe4 Nxc5 25. Rxe7 Nxb3 26. Qa2 Nxa1 27. Qxf7+ Kh8 28. Rxb7 Nc2 29. d5 Nd4 30. Ng5 Nf5 31. Ne4 Nd6 32. Nxd6 Qxd6 33. Rb6 Qe7 34. Qh5 Kg8 35. Qd1 Re8 36.
d6 Qe1+ 37. Qxe1 Rxe1+ 38. Kh2 Kf7 39. Rxa6 Rd1 40. Ra7+ Ke6 41. a6 Rxd6 42. Ra8 Be7 43. a7 Ra6 44. Rh8 Rxa7 45. Rxh7 Bf6 46. Rh5 Kf7 47.
Rh3 Kg6 48. g4 Ra4 49. g3 Ra2 50. Kg2 Bd4 51. Rh1 Rxf2+ 52. Kh3 Bf6 53. Rd1 Be5 54. Rd5 Re2 55. Rd1 Re3 56. Rg1 Kg5 57. Rg2 g6 58. Rg1 Bd6 59. Rg2 Re1 60. Rh2 Re8 61. Rg2 Rh8# 0-1

[Event "*** Titled Tuesday Blitz"]
[Site "Chess.com"]
[Date "2021.03.02"]
[Round "1"]
[White "IngOscarArdila"]
[Black "Moon_stone123"]
[Result "1-0"]
[WhiteElo "2235"]
[BlackElo "2518"]
[TimeControl "180+1"]
[EndTime "10:08:06 PST"]
[Termination "IngOscarArdila won on time"]

1. d4 Nf6 2. c4 g6 3. Nc3 Bg7 4. e4 O-O 5. Nf3 d6 6. Be2 Na6 7. O-O c6 8. Bg5 e5 9. dxe5 dxe5 10. Qxd8 Rxd8 11. Nxe5 Re8 12. f4 Nc5 13. Bf3 Nfxe4 14. Nxe4 Nxe4 15. Bxe4 f6 16. Bh4 fxe5 17. f5 Bxf5 18.
Bxf5 gxf5 19. Rxf5 e4 20. Re1 Bxb2 21. Rg5+ Kh8 22.
Rg4 e3 23. Re2 c5 24. h3 Bd4 25. g3 Rg8 26. Rxg8+ Kxg8 27. Kg2 Rf8 28. g4 Kg7 29. Bg5 Re8 30. Kf3 Rf8+ 31. Kg2 Re8 32. Kf3 Re6 33. Bxe3 Rf6+ 34. Ke4 Bxe3 35. Kxe3 Ra6 36. Kf4 Ra3 37. Ke5 Rxh3 38. Kd5 Rg3 39. Kxc5 Rxg4 40. Re7+ Kg6 41. Rxb7 a5 42. Ra7 h5 43. Rxa5 Rg5+ 44. Kb4 Rxa5 45.
Kxa5 h4 46. c5 h3 47. c6 h2 48. c7 h1=Q 49. c8=Q Qd5+ 50. Kb6 Qxa2 51. Qc6+ Kf7 52. Qd7+ Kf6 53. Qc6+ Ke7 54. Qc7+ Ke8 55. Qc6+ Kf8 56. Qc5+ Kf7 57. Qc7+ 1-0

[Event "*** Titled Tuesday Blitz"]
[Site "Chess.com"]
[Date "2021.03.02"]
[Round "1"]
[White "sbouchet"]
[Black "Jagerrmeisterr"]
[Result "1/2-1/2"]
[WhiteElo "2341"]
[BlackElo "2635"]
[TimeControl "180+1"]
[EndTime "10:08:07 PST"]
[Termination "Game drawn by repetition"]

1. e4 c6 2. Nc3 d5 3. Nf3 Bg4 4. h3 Bxf3 5. Qxf3 e6 6. d3 g6 7.
Bd2 Bg7 8. g4 Nd7 9. h4 h5 10. g5 Ne7 11. Bh3 Qb6 12. O-O-O Qa6 13. Kb1 b5 14. Rhe1 b4 15. Ne2 O-O 16. Nf4 Rab8 17. Qe2 Nc5 18. Be3 Na4 19. d4 Qxe2 20.
Rxe2 dxe4 21. Bc1 Nd5 22. Ka1 c5 23. Nxe6 fxe6 24. Bxe6+ Kh7 25. Bxd5 Bxd4 26. Rxe4 Nb6 27. Re7+ Bg7 28. Be4 Rbd8 29. Rxd8 Rxd8 30. Re6 Rd1 31. Kb1 Nc4 32. Bxg6+ Kg8 33. Re8+ Bf8 34. c3 Kg7 35. Be4 Re1 36. f3 bxc3 37. bxc3 Bd6 38. Kc2 Ne5 39. Ra8 Re2+ 40. Kd1 Rxa2 41. Be3 Nc4 42. Bc1 Be5 43.
Bd5 Nb6 44. Bxa2 Nxa8 45. Be3 Bg3 46. Bxc5 Bxh4 47. Bxa7 Bxg5 48. Ke2 Nc7 49. Be3 Bf6 50. c4 Kg6 51. c5 Kf5 52. Bb1+ Ke5 53. Be4 h4 54. c6 Ne6 55. Kf2 Be7 56. Kg2 Nc7 57. Kh3 Nb5 58. Kg4 Nd6 59. Bf4+ Ke6 60. c7 Kd7 61. Bxd6 Bxd6 62. Bf5+ Kxc7 63. Kxh4 Kd8 64. Kg4 Ke7 65. f4 Kf6 66. Be4 Be7 67. f5 Bd6 68. Bd3 Be5 69. Bc4 Bd4 70. Be6 Be5 71.
Bd5 Bd6 72. Be6 Be5 73. Bd5 Bc7 74. Be6 Be5 1/2-1/2

[Event "*** Titled Tuesday Blitz"]
[Site "Chess.com"]
[Date "2021.03.02"]
[Round "1"]
[White "AttackSparrow"]
[Black "kamilianin235"]
[Result "1-0"]
[WhiteElo "2530"]
[BlackElo "2203"]
[TimeControl "180+1"]
[EndTime "10:08:09 PST"]
[Termination "AttackSparrow won by resignation"]

1. e4 c5 2. c3 d6 3. d4 Nf6 4. Bd3 g6 5. dxc5 dxc5 6. e5 Nh5 7.
Nf3 Nc6 8. O-O Bg4 9. h3 Bxf3 10. Qxf3 Bg7 11. g4 O-O 12. Re1 Nxe5 13. Rxe5 Bxe5 14. gxh5 Qd7 15. Na3 Rad8 16. Bc2 b5 17. Bh6 Bg7 18. Bxg7 Kxg7 19. Rd1 Qe6 20. Rxd8 Rxd8 21. Nxb5 Qxa2 22. Qe3 Qxb2 23. h6+ Kg8 24. Qxe7 Rf8 25. Qf6 Qc1+ 26. Kg2 Qxh6 27. Bb3 Qg7 28. Qe7 a6 29. Nd6 a5 30.
Nxf7 a4 31. Bc4 Rxf7 32. Qe8+ Qf8 33. Bxf7+ Kg7 34. Qxf8+ Kxf8 35. Bc4 Ke7 36. Kf3 Kd6 37.
Ke4 h6 38. h4 g5 39. h5 Kc6 40. Ke5 Kb6 41. Kd6 Ka5 42. Kxc5 g4 43. Ba2 a3 44. Kc4 Ka4 45. Kd3 Kb5 46. c4+ Kb4 47. Kd4 Ka4 48. Kc3 Ka5 49. Kb3 Kb6 50. Kxa3 Kc5 51. Kb3 Kd4 52.
Kb4 Ke5 53. c5 Kf4 54. c6 Kf3 55. Be6 Kxf2 56. Bxg4 Kg3 57. Bd1 Kh4 58. c7 Kg5 59. c8=Q 1-0

[Event "*** Titled Tuesday Blitz"]
[Site "Chess.com"]
[Date "2021.03.02"]
[Round "1"]
[White "catzapto"]
[Black "FontVella8"]
[Result "1/2-1/2"]
[WhiteElo "2057"]
[BlackElo "2490"]
[TimeControl "180+1"]
[EndTime "10:08:11 PST"]
[Termination "Game drawn by repetition"]

1. e4 e6 2. d4 d5 3. Nd2 Nf6 4. e5 Nfd7 5. Bd3 c5 6. c3 Nc6 7. Ne2 Qb6 8. Nf3 cxd4 9. cxd4 Bb4+ 10. Bd2 O-O 11. O-O f6 12. Bxb4 Qxb4 13. Nf4 fxe5 14.
Nxe6 e4 15. Nxf8 Nxf8 16. Ng5 exd3 17. Qf3 Qe7 18. Qxd5+ Be6 19. Nxe6 Qxe6 20. Qxe6+ Nxe6 21. d5 Nf4 22. dxc6 bxc6 23. Rfd1 Rd8 24. Kf1 c5 25. Rac1 Rd5 26. Rc4 Ne2 27. Rxd3 Rxd3 28. Kxe2 Rd5 29. Ra4 Rd7 30. Ra5 Rc7 31. Kd3 Kf7 32. Kc4 Re7 33. Kd3 Rc7 34. Kc4 Re7 35. Rxc5 Re2 36. Rc7+ Kg6 37. Kc3 Rxf2 38. Rxa7 Rxg2 39.
b4 Rxh2 40. b5 Rh1 41. a4 Rb1 42. Ra6+ Kg5 43. b6 h5 44. a5 h4 45. Ra7 Kg6 46. Ra8 Kh7 47. Kc2 Rb5 48. Ra7 h3 49. Rf7 Rxa5 50.
Rf3 h2 51. Rh3+ Kg8 52. Rxh2 Ra2+ 53. Kb1 Rxh2 54. b7 Rh1+ 55. Kb2 Rh2+ 56. Ka3 Rh3+ 57. Ka4 Rh4+ 58. Ka3 Rh3+ 59. Kb2 Rh2+ 60. Kc3 Rh3+ 61.
Kc4 Rh4+ 62. Kc5 Rh5+ 63. Kc6 Rh6+ 64. Kc7 Rf6 65. b8=Q+ Kh7 66. Qb1+ Kg8 67. Kd7 Kf7 68. Qb3+ Kf8 69. Qg3 Kf7 70. Qg5 Kg8 71. Qh5 Rh6 72. Qe8+ Kh7 73. Ke7 Rf6 74. Qh5+ Kg8 75. Qd5+ Kh7 76. Qh5+ Kg8 77. Qg5 Kh7 78. Qg4 Kg8 79.
Qh5 Rh6 80. Qf7+ Kh7 81. Qf5+ Kg8 82. Ke8 Rf6 83. Qh5 Rh6 84. Qf7+ Kh7 85. Qf5+ Kg8 86. Qf8+ Kh7 87. Qf5+ Kg8 88. Qf8+ Kh7 89. Qf5+ 1/2-1/2

[Event "*** Titled Tuesday Blitz"]
[Site "Chess.com"]
[Date "2021.03.02"]
[Round "1"]
[White "pedro_nascimento85"]
[Black "SilviusTiberius"]
[Result "0-1"]
[WhiteElo "2117"]
[BlackElo "2508"]
[TimeControl "180+1"]
[EndTime "10:08:12 PST"]
[Termination "SilviusTiberius won on time"]

1. d4 Nf6 2. c4 e6 3. Nc3 d5 4.
cxd5 exd5 5. Bg5 Be7 6. e3 h6 7.
Bh4 O-O 8. Bd3 c6 9. Qc2 Re8 10.
Nge2 Nh5 11. Bxe7 Qxe7 12. O-O Nd7 13. Rae1 Nf8 14. Ng3 Nxg3 15. hxg3 Qd6 16. Ne2 a5 17. a4 Bg4 18. f3 Bd7 19. e4 dxe4 20. fxe4 Bg4 21. e5 Qd7 22. Qc3 Ne6 23. Bf5 Bxf5 24. Rxf5 Re7 25. Ref1 Qd5 26. Qf3 Nxd4 27. Nxd4 Qxd4+ 28. Kh1 Rf8 29. e6 Rxe6 30. Rxf7 Rf6 31. Rxf8+ Kxf8 32. Qa3+ c5 33. Rxf6+ gxf6 34. Qb3 Qe4 35. Qb6 Kg7 36. Qxc5 Qxa4 37. Qe7+ Kg6 38. Qf8 Qd1+ 39.
Kh2 Qh5+ 40. Kg1 Qe5 41. Qg8+ Kf5 42. Qh7+ Ke6 43. Qxb7 Qc5+ 44. Kh2 Qh5+ 45. Kg1 Qd1+ 46. Kh2 Qd5 47. Qb6+ Ke5 48. Qe3+ Kd6 49. Qxh6 Qg5 50. Qf8+ Kd5 51. Qa8+ Kc4 52. Qa6+ Kb3 53. Qb6+ Ka2 54. b4 a4 55. Qd4 a3 56. Qc5 Kb3 0-1

[Event "*** Titled Tuesday Blitz"]
[Site "Chess.com"]
[Date "2021.03.02"]
[Round "1"]
[White "urutodo"]
[Black "Pelopidass"]
[Result "0-1"]
[WhiteElo "2307"]
[BlackElo "2610"]
[TimeControl "180+1"]
[EndTime "10:08:14 PST"]
[Termination "Pelopidass won on time"]

1. e4 c5 2. Nf3 d6 3. c3 Nf6 4. Bd3 Nc6 5. Bc2 Bg4 6. d3 e5 7. Nbd2 Be7 8. O-O O-O 9. h3 Bh5 10. Re1 b5 11. Nf1 b4 12. Ng3 Bg6 13. Bd2 a5 14.
Nh4 Re8 15. Ngf5 Bf8 16. Qf3 d5 17. Bg5 bxc3 18. bxc3 d4 19. Nh6+ gxh6 20. Bxf6 Be7 21. Ba4 Ra6 22. Bxe7 Qxe7 23. Nf5 Bxf5 24. Qxf5 Qe6 25.
cxd4 cxd4 26. Rac1 Rc8 27. Rc4 Ne7 28. Qxe6 fxe6 29.
Rec1 Rxc4 30. Rxc4 Rb6 31. Rc7 Kf7 32. Bb3 Ra6 33.
g3 a4 34. Bc4 Rb6 35. Kg2 Kf6 36. Ra7 Nc6 37. Rxa4 Nb4 38. f4 Nc2 39. Kf3 Rb2 40. Ra5 Ne1+ 41. Kg4 exf4 42. gxf4 Rg2+ 43. Kh5 Rg3 44. Re5 Ng2 45. Rxe6+ Kg7 46. e5 Nxf4+ 47. Kh4 Rg1 48. Re7+ Kg6 49. Bf7+ Kf5 50. Be8 Rg5 51.
Rf7+ Kxe5 52. Re7+ Kd6 53. Rd7+ Ke6 54. Bf7+ Kxd7 55.
Bd5 Nxd5 0-1

[Event "*** Titled Tuesday Blitz"]
[Site "Chess.com"]
[Date "2021.03.02"]
[Round "1"]
[White "superchess02"]
[Black "GMaka"]
[Result "0-1"]
[WhiteElo "2790"]
[BlackElo "2432"]
[TimeControl "180+1"]
[EndTime "10:08:16 PST"]
[Termination "GMaka won by checkmate"]

1. d4 Nf6 2. c4 Nc6 3. Nc3 e5 4. d5 Ne7 5. e4 Ng6 6. Nf3 Bb4 7. Bd3 Bxc3+ 8. bxc3 d6 9. h3 O-O 10. O-O Nh5 11. Bg5 f6 12. Be3 Nhf4 13. Kh2 h6 14.
Bc2 b6 15. Ba4 f5 16. Ng1 fxe4 17. g3 Nd3 18. Bc2 Nc5 19. Bxc5 bxc5 20. Bxe4 Bf5 21. Qd3 Qf6 22. Rab1 Bxe4 23. Qxe4 Rab8 24. Rb5 Ne7 25.
Ne2 Rb6 26. f4 Qg6 27. Qxg6 Nxg6 28. Rxb6 axb6 29. f5 Ne7 30. g4 Ra8 31. Nc1 Ra4 32. f6 gxf6 33. Rxf6 Kg7 34. Re6 Ng6 35. Re8 Rxc4 36.
Rc8 Rxc3 37. Rxc7+ Kf6 38. Nb3 Nf4 39. Rc6 Rxh3+ 40. Kg1 e4 41. Rxd6+ Ke5 42. Rxb6 c4 43.
Na5 c3 44. Rc6 Rd3 45. d6 e3 46. d7 Rd1+ 47. Kh2 e2 48. Nc4+ Ke4 49. Rc5 Rxd7 50. Re5+ Kf3 51. Re3+ Kf2 52. Ne5 e1=Q 53. Rf3+ Ke2 54.
Rxf4 Rd2 55. Nf3 Kd1+ 56. Kh3 Qh1+ 57. Kg3 Rg2# 0-1

[Event "*** Titled Tuesday Blitz"]
[Site "Chess.com"]
[Date "2021.03.02"]
[Round "1"]
[White "Berardino"]
[Black "Chamal_Gedgafov"]
[Result "0-1"]
[WhiteElo "2562"]
[BlackElo "2289"]
[TimeControl "180+1"]
[EndTime "10:08:16 PST"]
[Termination "Chamal_Gedgafov won on time"]

1. e4 e6 2. d4 d5 3. Nd2 a6 4. Bd3 c5 5. dxc5 Bxc5 6. Ngf3 Nf6 7. Qe2 O-O 8. e5 Nfd7 9. h4 f5 10. Nb3 Ba7 11. Be3 Bxe3 12. Qxe3 Nc6 13. O-O-O Qc7 14.
Rde1 b5 15. Nbd4 Nxd4 16. Nxd4 Nc5 17. Kb1 Bd7 18. f3 b4 19. g4 Nxd3 20. cxd3 fxg4 21. fxg4 Qb6 22. h5 Rf7 23. h6 g6 24. Rhf1 Raf8 25.
Rxf7 Rxf7 26. Rc1 Rf8 27. Qg1 Rf4 28. Nb3 Qxg1 29. Rxg1 Bb5 30. Nc5 Kf7 31. g5 Rf5 32. d4 Ke7 33. a4 bxa3 34. bxa3 Rf4 35. Nb3 Bc4 36. Na5 Bb5 37. Rc1 Kd7 38. Rd1 Rg4 39. Rd2 Rxg5 40. Rf2 Bd3+ 41. Kb2 Bf5 42. Rf3 Rh5 43. Rb3 Rxh6 44. Rb7+ Kc8 45. Rg7 Rh4 46. Nc6 h5 47. Kc3 Rh1 48. Kb4 Rc1 49. Na7+ Kd8 50.
Ka5 h4 51. Rh7 h3 52. Kb6 Rc2 53. Nc6+ Ke8 54. Kc7 h2 55. Kd6 g5 56. Rh5 g4 0-1

[Event "*** Titled Tuesday Blitz"]
[Site "Chess.com"]
[Date "2021.03.02"]
[Round "1"]
[White "ehrenfeld"]
[Black "Fawolizzo"]
[Result "1-0"]
[WhiteElo "2509"]
[BlackElo "2134"]
[TimeControl "180+1"]
[EndTime "10:08:16 PST"]
[Termination "ehrenfeld won by resignation"]

1. e4 c5 2. Nf3 d6 3. Bc4 Nf6 4. d3 e6 5. Bb3 Be7 6. O-O O-O 7. c3 b5 8. Re1 Bb7 9. Bc2 Nbd7 10. d4 cxd4 11. cxd4 e5 12. d5 Rc8 13. Nbd2 Qc7 14.
Bd3 a6 15. Nb3 Nc5 16. Nxc5 Qxc5 17. Bd2 Ng4 18. Qe2 g6 19. Rac1 Qb6 20. h3 Nf6 21. Be3 Qa5 22. Qd2 Qxa2 23. Ra1 Qb3 24. Ra3 Nxe4 25.
Bxe4 Qc4 26. Bh6 b4 27. Bxf8 Bxf8 28. Raa1 f5 29. Rac1 Qb5 30. Rxc8 Bxc8 31. Bb1 Bb7 32. Qe2 Qxd5 33. Bd3 Qc6 34. Bc4+ Kh8 35. Rd1 Qc5 36.
Qd3 Be7 37. Ne1 Kg7 38. Bd5 Bc8 39. Qc4 Qxc4 40. Bxc4 a5 41. Nc2 Bb7 42. Ne3 Bg5 43. Nd5 Bh6 44. Ra1 Bg5 45. Rxa5 Kh6 46. Ra7 Bc6 47. Rc7 Ba4 48. b3 Be8 49. Nxb4 Bd2 50. Nd5 e4 51. b4 f4 52. b5 e3 53. fxe3 fxe3 54. Re7 Bxb5 55. Bxb5 e2 56. Bxe2 1-0

[Event "*** Titled Tuesday Blitz"]
[Site "Chess.com"]
[Date "2021.03.02"]
[Round "1"]
[White "ZEN-22"]
[Black "Twitch_ElhamBlitz05"]
[Result "0-1"]
[WhiteElo "2424"]
[BlackElo "2830"]
[TimeControl "180+1"]
[EndTime "10:08:17 PST"]
[Termination "Twitch_ElhamBlitz05 won by resignation"]

1. e4 c6 2. d4 d5 3. Bg5 dxe4 4.
Nc3 Nf6 5. Bc4 Bf5 6. f3 exf3 7. Nxf3 e6 8. Ne5 Be7 9. g4 Bg6 10. h4 Ne4 11. Bxe7 Qxe7 12. Nxg6 Nxc3 13. Nxe7 Nxd1 14.
Nf5 Nxb2 15. Nxg7+ Kf8 16. Nxe6+ fxe6 17. Bb3 b5 18. Bxe6 Nc4 19. O-O+ Ke7 20. Rae1 Nd6 21. d5 c5 22. g5 Nd7 23. c4 bxc4 24. Bg4+ Kd8 25.
Re6 Kc7 26. Rh6 Ne5 27. Bf5 Raf8 28. Rxh7+ Rxh7 29. Bxh7 Rxf1+ 30. Kxf1 c3 31. h5 Nf3 32. Bc2 Nxg5 33. h6 Ngf7 34. Ke2 Nxh6 35. Kd3 Nhf7 36.
Kxc3 Ne5 37. Kb3 Kb6 38. Bf5 c4+ 39. Kb4 a5+ 40. Kc3 Kc5 41. Be6 Ne4+ 42. Kc2 Nd6 43.
Bg8 Nb5 44. Kb2 c3+ 45. Kc2 Kb4 46. a3+ Nxa3+ 47. Kc1 Nd3+ 48. Kd1 c2+ 49. Kd2 c1=Q+ 50. Kxd3 Qc5 51. Ke4 Qd6 52. Be6 Nb5 53. Kf5 Nc7 54.
Kf6 Nxe6 55. dxe6 a4 56. Kf7 Qd5 57. Kf8 Qxe6 58. Kg7 a3 0-1

[Event "*** Titled Tuesday Blitz"]
[Site "Chess.com"]
[Date "2021.03.02"]
[Round "1"]
[White "konradrutkowski"]
[Black "Lovkov_Roman"]
[Result "0-1"]
[WhiteElo "2374"]
[BlackElo "2706"]
[TimeControl "180+1"]
[EndTime "10:08:17 PST"]
[Termination "Lovkov_Roman won by resignation"]

1. d4 d5 2. Nf3 e6 3. e3 c5 4. Bd3 Nf6 5. b3 Nc6 6. Bb2 Be7 7. a3 O-O 8. Nbd2 b6 9. O-O Bb7 10. Ne5 Rc8 11. f4 a6 12. Qf3 b5 13. dxc5 Bxc5 14. Qh3 Nxe5 15. Bxe5 Ne4 16. Kh1 f6 17. Bb2 Qe7 18.
b4 Bb6 19. Nb3 g6 20. Nd4 Rfe8 21.
Rf3 Rc7 22. Raf1 Bc8 23. Qh6 Qg7 24. Qh4 Nd2 25. Rg3 Nxf1 26. Bxf1 Bxd4 27. Bxd4 e5 28. fxe5 fxe5 29. Bc5 Rf7 30. Bd3 Qf6 31. Qxf6 Rxf6 32. h3 Bf5 33. Bxf5 Rxf5 34. e4 dxe4 35. Re3 Rf4 36. Kh2 Kf7 37. h4 Ke6 38. Kh3 h5 39. g3 Rg4 40. Rc3 Rc8 41. Re3 Rd8 42. Re2 Rd5 43. Rf2 e3 44. Bxe3 Rc4 45. Bg5 Rd6 46. Rf6+ Kd5 47. Rf7 Rdc6 48. Rd7+ Ke4 49. Re7 Rxc2 50. Bf4 Kd3 51. Rxe5 R2c3 52. Rd5+ Kc2 53. Re5 Kb3 54. Rg5 Kxa3 55. Be5 Rd3 56. Bf6 Kxb4 57. Be7+ Kb3 58. Re5 Rcc3 59. Re2 Rxg3+ 60.
Kh2 Rh3+ 0-1

[Event "*** Titled Tuesday Blitz"]
[Site "Chess.com"]
[Date "2021.03.02"]
[Round "1"]
[White "jposthuma"]
[Black "CakeinSpace2002"]
[Result "1-0"]
[WhiteElo "2743"]
[BlackElo "2398"]
[TimeControl "180+1"]
[EndTime "10:08:18 PST"]
[Termination "jposthuma won by resignation"]

1. d4 c5 2. d5 e5 3. c4 d6 4. e4 Be7 5. Nf3 Nf6 6. Nc3 O-O 7.
Bd3 Nbd7 8. O-O Re8 9. a3 Nf8 10.
b4 b6 11. h3 Ng6 12. Ne2 h6 13.
Kh2 Nh7 14. Be3 Ng5 15. Nfg1 Rf8 16. g3 f5 17. exf5 Bxf5 18. h4 Nh7 19. Qc2 Qd7 20.
f3 Nh8 21. g4 Bxd3 22. Qxd3 Bxh4 23. Nc3 Bg5 24. Ne4 Bxe3 25. Qxe3 Nf6 26. Ne2 Ng6 27. N4g3 Nh7 28. Nf5 Ng5 29. f4 exf4 30. Nxf4 Ne5 31.
Qg3 Ne4 32. Qg2 Ng5 33. Rae1 Rae8 34. Re3 Rxf5 35. gxf5 Qxf5 36. Rg3 Kh7 37. Ne6 Qxe6 38. dxe6 Rxe6 39. Rxg5 hxg5 40. Kg1 Kg6 41. Qg3 Nf7 42. Qd3+ Kh6 43. Rf2 g6 44. Rh2+ Kg7 45. Qf3 Rf6 46. Qb7 Rf4 47. Rf2 Kf6 48. Rxf4+ gxf4 49. Qxa7 g5 50.
Qxb6 g4 51. bxc5 f3 52. cxd6 g3 53. Qe3 Ng5 54. Qf4+ Kg6 55. Qxg3 Kf5 56. d7 1-0

[Event "*** Titled Tuesday Blitz"]
[Site "Chess.com"]
[Date "2021.03.02"]
[Round "1"]
[White "andrewtnb"]
[Black "DamianoLew95"]
[Result "1/2-1/2"]
[WhiteElo "2309"]
[BlackElo "2597"]
[TimeControl "180+1"]
[EndTime "10:08:20 PST"]
[Termination "Game drawn by repetition"]

1. d4 d5 2. Nf3 Nf6 3. c4 c6 4. cxd5 cxd5 5. Nc3 Nc6 6. Bf4 a6 7. Rc1 Bf5 8. e3 Rc8 9. Be2 e6 10. O-O Bd6 11. Bg3 O-O 12. Na4 Bxg3 13. hxg3 Qe7 14. Nc5 Nd7 15. Nxd7 Qxd7 16. Qd2 f6 17.
Rc5 Ne7 18. Rfc1 Rxc5 19. Rxc5 Rc8 20. Qc3 Rxc5 21. Qxc5 Kf7 22. a3 Qc6 23. b4 Qxc5 24. dxc5 e5 25. a4 Bc2 26. b5 Bxa4 27. bxa6 bxa6 28.
Bxa6 Ke8 29. e4 d4 30. Nd2 Kd7 31. Bb7 Kc7 32. Bd5 Bc6 33. Be6 Be8 34. Bd5 Bb5 35.
f3 Nc6 36. Kf2 Nd8 37. f4 exf4 38. gxf4 Nb7 39. Bxb7 Kxb7 40. Nf3 d3 41. Ke3 Kc6 42. Nd4+ Kxc5 43. Nxb5 Kxb5 44. Kxd3 Kc5 45. g4 h6 46. f5 Kc6 47. Kc4 Kd6 48. Kd4 Ke7 49. e5 fxe5+ 50. Kxe5 Kf7 51. Ke4 Kf8 52. Ke5 Ke7 53. Ke4 Kf6 54. Kf4 Kf7 55. Ke5 Ke7 56. Ke4 Kf6 57.
Kf4 Kf7 58. Ke5 Ke7 1/2-1/2

[Event "*** Titled Tuesday Blitz"]
[Site "Chess.com"]
[Date "2021.03.02"]
[Round "1"]
[White "wadsy27"]
[Black "tusplingher"]
[Result "1-0"]
[WhiteElo "2540"]
[BlackElo "2220"]
[TimeControl "180+1"]
[EndTime "10:08:21 PST"]
[Termination "wadsy27 won by resignation"]

1. c4 e5 2. g3 Nf6 3. Bg2 c6 4. d4 exd4 5. Qxd4 d5 6. Nf3 Be6 7. O-O c5 8. Qd3 Nc6 9. cxd5 Bxd5 10. Nc3 Be6 11. Qb5 Qb6 12. Ng5 Bd7 13. Qxb6 axb6 14. Nb5 Ra5 15. Nc7+ Ke7 16. Bd2 Ra4 17. Bc3 h6 18.
Bxf6+ gxf6 19. Nd5+ Ke8 20. Nxf6+ Ke7 21. Nxd7 Kxd7 22. Nxf7 Rg8 23. Rfd1+ Kc7 24. Bxc6 bxc6 25. Ne5 Re4 26. Nd3 Rxe2 27. Nf4 Rxb2 28. Ne6+ Kb7 29. Rd7+ Ka6 30. Rd8 c4 31. Rc1 Rg6 32. Nxf8 Rf6 33. Rf1 c3 34. Rd3 c2 35. Nd7 Re6 36.
Rc3 Rd6 37. Ne5 Rd1 38. Nd3 Rbb1 39. Nb4+ Rxb4 40. Rxc2 Rd3 41. Rfc1 c5 42. f4 Rf3 43.
Rf2 Ra3 44. f5 Re4 45. Rcc2 Re7 46. Kg2 Rae3 47. f6 Rf7 48. g4 Re6 49. Kg3 Rexf6 50. Rxf6 Rxf6 51. h4 Rg6 52. Kf4 Kb5 53. g5 hxg5+ 54.
hxg5 c4 55. Kf5 Rc6 56. g6 c3 57. g7 Rc8 58. Kf6 Kb4 59. Kf7 Rc7+ 60. Kg6 Rc6+ 61. Kh7 Rc7 62. Kh8 Kb5 63. g8=Q 1-0

[Event "*** Titled Tuesday Blitz"]
[Site "Chess.com"]
[Date "2021.03.02"]
[Round "1"]
[White "barbara25"]
[Black "NicoChasin"]
[Result "0-1"]
[WhiteElo "2221"]
[BlackElo "2539"]
[TimeControl "180+1"]
[EndTime "10:08:21 PST"]
[Termination "NicoChasin won by resignation"]

1. e4 c5 2. Nf3 e6 3. g3 Nc6 4.
Bg2 g6 5. O-O Bg7 6. d3 Nge7 7.
Re1 d6 8. Nbd2 O-O 9. Nf1 f5 10.
exf5 Nxf5 11. c3 Bd7 12. Bg5 Qb6 13. Qd2 h6 14. Bf4 g5 15. Be3 g4 16. Nh4 Nxh4 17. gxh4 h5 18. Bh6 Bf6 19. Bg5 Qd8 20.
Bxf6 Qxf6 21. Ng3 Qxh4 22. Qh6 Rf6 23. Qxh5 Qxh5 24. Nxh5 Rh6 25. Ng3 Kg7 26. Re4 e5 27. d4 cxd4 28. cxd4 Nxd4 29. Rd1 Kf6 30. Ree1 Rah8 31.
Ne4+ Ke7 32. Ng3 Kd8 33. Bxb7 Rxh2 34. Re3 R2h6 35. Bg2 Rf8 36. Ra3 Rhf6 37. Rd2 Nb5 38. Ra5 Rf4 39. a4 Rd4 40. Rxd4 Nxd4 41. Rxa7 Ke7 42.
b4 Rc8 43. b5 Rc1+ 44. Bf1 Ke6 45. Kg2 Ra1 46. Ne4 Bxb5 47. Bxb5 Nxb5 48. Ra6 Nd4 49. Nxd6 Kd5 50. Nb5 Nf5 51. Rf6 Ke4 52. Nc3+ Kf4 53.
Ne2+ Kg5 54. Re6 Rxa4 55. Rxe5 Kf6 56. Rc5 Ke6 57. Nd4+ Rxd4 58. Rc6+ Ke5 59. Rc5+ Kf4 60. Ra5 Rd2 61. Ra4+ Kg5 62. Kf1 Rb2 63. Ra5 Kf4 64. Ra4+ Ke5 65. Ra5+ Ke4 66. Ra4+ Nd4 67. Kg2 Rb3 68.
Ra8 Rd3 69. Rg8 Kf4 70. Rd8 Rd2 71. Rf8+ Nf5 72. Kg1 Rd5 73. Kg2 Re5 74. Kf1 Kf3 75.
Rf7 Rb5 76. Kg1 Rb1+ 77. Kh2 Kf4 78. Kg2 Rb2 79. Kf1 Ke4 80. Kg2 g3 81. Re7+ Kf4 82. Rf7 Rxf2+ 83. Kg1 Rb2 0-1

[Event "*** Titled Tuesday Blitz"]
[Site "Chess.com"]
[Date "2021.03.02"]
[Round "1"]
[White "ram1zan"]
[Black "atalz0"]
[Result "1-0"]
[WhiteElo "2964"]
[BlackElo "2468"]
[TimeControl "180+1"]
[EndTime "10:08:24 PST"]
[Termination "ram1zan won by resignation"]

1. e4 d5 2. exd5 Nf6 3. d4 Nxd5 4. Nf3 Bg4 5. h3 Bh5 6. c4 Nb6 7. c5 N6d7 8. Qb3 Bxf3 9. Qxf3 Nc6 10. Be3 e5 11.
Bc4 Qf6 12. Qxf6 Nxf6 13. d5 Nd4 14. Bxd4 exd4 15. c6 O-O-O 16. cxb7+ Kxb7 17. Nd2 Nxd5 18. O-O-O c5 19. Rhe1 g6 20. Re5 Nb6 21. Bxf7 Bd6 22.
Re2 Rhf8 23. Bc4 Bf4 24. Re7+ Kc6 25. Be2 Rd7 26. Bf3+ Kd6 27. Rxd7+ Nxd7 28. Be4 Ne5 29. Kc2 c4 30. b3 d3+ 31. Kc3 Bxd2+ 32. Rxd2 Rc8 33. f4 cxb3+ 34. Kxb3 Nc4 35. Rxd3+ Ke7 36. Bf3 Nd6 37. Re3+ Kf6 38. Rd3 Nf5 39. g4 Rb8+ 40. Kc2 Nh4 41. Be4 Rc8+ 42. Kd2 Re8 43. Rd4 h5 44. Kd3 hxg4 45. hxg4 Rb8 46. Rd6+ Ke7 47. Ra6 Rd8+ 48. Ke3 Rd7 49. g5 Kf7 50. Rf6+ Kg7 51. Ra6 Re7 52. Kd4 Rd7+ 53. Kc5 Re7 54. Ra4 Nf5 55.
Bxf5 gxf5 56. Kd5 Kg6 57. Ra6+ Kh5 58. Re6 Kg4 59. Rxe7 1-0